 Dungeon Crawl Stone Soup version 0.21.1-1-g345015fe64 (webtiles) character file.

36 Revguard the Ruffian (level 3, 0/28 HPs)
             Began as a Draconian Transmuter on June 3, 2018.
             Succumbed to a kobold's poison
             ... on level 2 of the Dungeon.
             The game lasted 00:10:17 (1422 turns).

Revguard the Ruffian (Draconian Transmuter)         Turns: 1422, Time: 00:10:18

Health: 0/28       AC:  5    Str: 13    XL:     3   Next: 19%
Magic:  2/6        EV: 12    Int: 13    God:
Gold:   32         SH:  0    Dex: 11    Spells: 4/7 levels left

rFire    . . .     SeeInvis .     - Unarmed
rCold    . . .     Gourm    .   (no shield)
rNeg     . . .     Faith    .   (armour unavailable)
rPois    .         Spirit   .   (helmet restricted)
rElec    .         Reflect  .   (no cloak)
rCorr    .         Harm     .   (no gloves)
MR       .....                  (no boots)
Stlth    +.........             (no amulet)
HPRegen  0.09/turn              (no ring)
MPRegen  0.10/turn              (no ring)

@: lethally poisoned (0 -> -21), very slightly contaminated, drained
A: unfitting armour, cold-blooded, AC +5
a: no special abilities


You were on level 2 of the Dungeon.
You were not hungry.

You visited 1 branch of the dungeon, and saw 2 of its levels.

You collected 32 gold pieces.

Inventory:

Hand Weapons
 h - a +1 dagger of draining
 i - a +3 hunting sling of flaming
 k - a +1 short sword of draining
Missiles
 a - 58 arrows
Scrolls
 e - 4 scrolls of identify {unknown}
 j - a scroll of amnesia {unknown}
 l - a scroll of teleportation {unknown}
Potions
 d - 2 potions of mutation {unknown}
 f - a potion of haste {unknown}
 g - a potion of agility {unknown}
Books
 b - a book of Changes

   Spells                             Type                      Level
   a - Beastly Appendage              Transmutation                1
   b - Sticks to Snakes               Transmutation                2
   c - Spider Form                    Transmutation/Poison         3
   d - Ice Form                       Ice/Transmutation            4
   e - Blade Hands                    Transmutation                5
Comestibles
 c - 2 rations


   Skills:
 + Level 1.2(0.7) Fighting
 + Level 2.1(1.6) Dodging
 + Level 3.4(2.9) Unarmed Combat
 + Level 2.5(1.9) Spellcasting
 + Level 2.3(1.7) Transmutations


You had 4 spell levels left.
You knew the following spells:

 Your Spells              Type           Power        Failure   Level  Hunger
a - Beastly Appendage     Tmut           #.....       12%         1    ##.....
b - Sticks to Snakes      Tmut           #.......     19%         2    ###....


Dungeon Overview and Level Annotations

Branches:
Dungeon (2/15)

Altars:


Innate Abilities, Weirdness & Mutations

Your plain brown scales are hard. (AC +5)
You cannot fit into any form of body armour.
You are cold-blooded and may be slowed by cold attacks.


Message History

* * * LOW HITPOINT WARNING * * *
You feel sick. The dart slug launches a dart at you.
The slug dart hits your ball python.
Your ball python dies!
* * * LOW HITPOINT WARNING * * *
You feel sick. The dart slug misses you.
You see here a club.
You hit the dart slug. You headbutt the dart slug!
The dart slug is almost dead.
* * * LOW HITPOINT WARNING * * *
You feel sick.
You hit the dart slug.
You kill the dart slug!
Your horns disappear.
* * * LOW HITPOINT WARNING * * *
You feel sick.
You hit the quokka.
You kill the quokka!
You die...

##.........#
###...(.(...#
#.#.###.(...# #...
#.....## #... #..(..#
#..# #.....#
##.####....#
#.......†..#
#......)@†.#
#..........###
#########.......†....#.
....##..................
....##................##
.....................##
[...#...........)...##
<......##...........#
.......###..........#


There were no monsters in sight!

Vanquished Creatures
  An ooze (D:1)
  A worm (D:2)
  A dart slug (D:2)
  A leopard gecko (D:2)
  3 bats
  A giant cockroach (D:1)
  4 goblins
  2 hobgoblins (D:2)
  2 quokkas (D:2)
  2 frilled lizards (D:1)
  3 kobolds
  5 rats
26 creatures vanquished.

Notes
Turn   | Place    | Note
-------+----------+-------------------------------------------
     0 | D:1      | Revguard the Draconian Transmuter began the quest for the Orb.
     0 | D:1      | Reached XP level 1. HP: 16/16 MP: 3/3
   359 | D:1      | Reached XP level 2. HP: 20/23 MP: 3/5
   363 | D:1      | Learned a level 2 spell: Sticks to Snakes
  1081 | D:1      | You fall through a shaft!
  1365 | D:2      | Reached XP level 3. HP: 28/28 MP: 1/6
  1422 | D:2      | Succumbed to a kobold's poison

Skill      XL: |  1 |
---------------+----+-----
Dodging        | 2 |  2.1
Fighting       | |  1.2
Unarmed Combat | |  3.4
Spellcasting   | |  2.5
Transmutations | |  2.3

Action                   || total
-------------------------++-------
Melee: Unarmed           ||    78
       Tailslap          ||     7
       Headbutt          ||     8
 Cast: Beastly Appendage ||     9
       Sticks to Snakes  ||     3
  Eat: Ration            ||     1
Armor: Skin              ||    43
Dodge: Dodged            ||    77
